 Dungeon Crawl Stone Soup version 0.27-a0-1188-g73eefd5def (webtiles) character file.

Game seed: 3713444218617122009

863 st0uf the Slasher (level 7, -3/53 HPs)
             Began as a Demonspawn Gladiator on May 20, 2021.
             Was an Initiate of Okawaru.
             Slain by Pikel
             ... wielding a +1 whip of electrocution
              (6 damage)
             ... while paralysed by Pikel
             ... on level 5 of the Dungeon.
             The game lasted 00:10:38 (4806 turns).

st0uf the Slasher (Demonspawn Gladiator)            Turns: 4806, Time: 00:10:39

Health: -3/53      AC: 12    Str: 17    XL:     7   Next: 72%
Magic:  7/7        EV:  2    Int:  9    God:    Okawaru [......]
Gold:   232        SH:  0    Dex: 14    Spells: 6/6 levels left

rFire    . . .     SeeInvis .   a - +0 long sword
rCold    . . .     Faith    .   (no shield)
rNeg     . . .     Spirit   .   s - +0 ring mail
rPois    .         Reflect  .   (helmet restricted)
rElec    .         Harm     .   C - +0 cloak
rCorr    .         Rampage  .   (no gloves)
Will     .....                  (no boots)
Stlth    +.........             u - amulet of the acrobat
HPRegen  0.17/turn              i - +4 ring of protection
MPRegen  0.10/turn              (no ring)

@: paralysed
A: horns 2, sharp scales 1
a: Renounce Religion


You were on level 5 of the Dungeon.
You worshipped Okawaru.
Okawaru was noncommittal.
You visited 2 branches of the dungeon, and saw 6 of its levels.

You collected 232 gold pieces.

Inventory:

Hand Weapons
 a - a +0 long sword (weapon)
Missiles
 d - 4 throwing nets (quivered)
Armour
 b - a +0 leather armour
 c - a +0 helmet
 s - a +0 ring mail (worn)
 C - a +0 cloak (worn)
Jewellery
 i - a +4 ring of protection (left hand)
 u - an amulet of the acrobat (around neck)
 B - a ring of flight
Wands
 o - a wand of paralysis (11)
 r - a wand of polymorph (4)
 t - a wand of mindburst (11)
Scrolls
 e - 2 scrolls of vulnerability {unknown}
 f - a scroll of magic mapping {unknown}
 h - a scroll of immolation {unknown}
 j - 4 scrolls of identify {unknown}
 n - 2 scrolls of teleportation {unknown}
 q - a scroll of noise {unknown}
 v - a scroll of holy word {unknown}
 x - a scroll of fear {unknown}
 y - a scroll of enchant weapon {unknown}
 A - a scroll of enchant armour {unknown}
 D - a scroll of summoning {unknown}
Potions
 g - 2 potions of attraction {unknown}
 k - 2 potions of heal wounds {unknown}
 l - a potion of invisibility {unknown}
 m - 2 potions of might {unknown}
 p - a potion of resistance {unknown}
 w - a potion of cancellation {unknown}
 z - a potion of haste {unknown}


   Skills:
 + Level 3.9 Fighting
 + Level 5.3 Long Blades
 + Level 1.8 Throwing
 * Level 4.9 Armour
 - Level 3.3 Dodging
 + Level 1.2 Stealth


You had 6 spell levels left.
You didn't know any spells.
Your spell library contained the following spells:

 Spells                   Type           Power      Damage    Failure   Level
 Confusing Touch          Hex            0%         N/A       91%         3
 Gell's Gravitas          Tloc           0%         N/A       91%         3
 Petrify                  Tmut/Erth      0%         N/A       100%        4
 Metabolic Englaciation   Hex/Ice        0%         N/A       100%        5
 Yara's Violent Unravell  Hex/Tmut       0%         3d3       100%        5


Dungeon Overview and Level Annotations

Branches:
Dungeon (5/15)             Temple (1/1) D:4

Altars:
Ashenzari
Cheibriados
Dithmenos
Elyvilon
Fedhas
Gozag
Hepliaklqana
Kikubaaqudgha
Makhleb
Nemelex Xobeh
Okawaru
Ru
Trog
Uskayaw
Wu Jian
Xom
Yredelemnul
Zin
The Shining One

Shops:
D:3 (   D:4 (

Annotations:
D:5 Pikel


Innate Abilities, Weirdness & Mutations

You have a pair of horns on your head.
You are partially covered in razor-sharp scales. (AC +1, Slay +1)


Message History

You miss Pikel. You closely miss Pikel. Your headbutt misses Pikel.
Pikel zaps a wand.
You suddenly lose the ability to move!
Pikel hits you but does no damage.
Pikel zaps a wand.
You resist with some effort.
Pikel zaps a wand.
You shrug off the repeated paralysis!
Pikel hits you but does no damage.
You can move again.
You hit Pikel. Your headbutt misses Pikel.
Pikel is lightly wounded.
Pikel says, "Hell isn't that bad."
Pikel zaps a wand.
You shrug off the repeated paralysis!
You barely miss Pikel. Your headbutt misses Pikel.
Pikel is lightly wounded.
Pikel closely misses you.
You hit Pikel. You headbutt Pikel!
Pikel is moderately wounded.
Pikel hits you with a +1 whip of electrocution!
You closely miss Pikel.
Pikel is moderately wounded.
Pikel closely misses you.
You hit Pikel. Your headbutt misses Pikel.
Pikel is moderately wounded.
Pikel barely misses you.
You hit Pikel but do no damage. You headbutt Pikel, but do no damage.
Pikel is moderately wounded.
Pikel hits you with a +1 whip of electrocution.
You are electrocuted!!
You slash Pikel!
Pikel is heavily wounded.
Pikel zaps a wand.
You resist with some effort.
You hit Pikel. Your headbutt misses Pikel.
Pikel is heavily wounded.
Pikel zaps a wand.
You suddenly lose the ability to move!
Pikel hits you with a +1 whip of electrocution.
You are electrocuted!!
* * * LOW HITPOINT WARNING * * *
Pikel zaps a wand.
You resist with some effort.
The now-empty wand crumbles to dust.
Pikel hits you with a +1 whip of electrocution.
You die...

#)#.####.########
#.#.# #....)....
#.#.# ##########
## #.#.. .. ..
#.### ## #. #.#
#.. #.# #..5##.#
#.55K@.# #..5##.#
#.. #.# #. #.# #
#.# ..# ... ..#


You could see Pikel and 4 lemures.

Vanquished Creatures
  Grinder (D:3)
  Sigmund (D:5)
  An ogre (D:3)
  A wyvern zombie (D:3)
  A scorpion (D:4)
  An orc priest (D:3)
  An iguana (D:4)
  Natasha (thrice) (D:2)
  6 adders
  4 gnolls (D:3)
  An adder skeleton (D:4)
  A worm (D:3)
  7 orcs
  9 ball pythons
  6 bats
  11 endoplasms
  5 giant cockroaches
  7 hobgoblins
  11 jackals
  3 quokkas
  5 frilled lizards
  8 goblins
  10 kobolds
  9 rats
113 creatures vanquished.

Vanquished Creatures (others)
  8 plants (D:1)
8 creatures vanquished.

Grand Total: 121 creatures vanquished

Notes
Turn   | Place    | Note
-------+----------+-------------------------------------------
     0 | D:1      | st0uf the Demonspawn Gladiator began the quest for the Orb.
     0 | D:1      | Reached XP level 1. HP: 16/16 MP: 1/1
   203 | D:1      | Reached skill level 3 in Long Blades
   218 | D:1      | Gained mutation: You have a pair of small horns on your
                  | head. [demonic ancestry]
   218 | D:1      | Reached XP level 2. HP: 14/22 MP: 2/2
  1060 | D:2      | Reached XP level 3. HP: 27/27 MP: 3/3
  1114 | D:2      | Found an ancient bone altar of Kikubaaqudgha.
  1145 | D:2      | Found a faded altar of an unknown god.
  1272 | D:2      | Noticed Natasha
  1275 | D:2      | Killed Natasha
  1276 | D:2      | Reached XP level 4. HP: 34/34 MP: 4/4
  1330 | D:2      | Reached skill level 1 in Armour
  1426 | D:2      | Noticed Natasha
  1431 | D:2      | Killed Natasha
  1774 | D:2      | Gained mutation: You are partially covered in razor-sharp
                  | scales. (AC +1, Slay +1) [demonic ancestry]
  1774 | D:2      | Reached XP level 5. HP: 41/41 MP: 5/5
  1801 | D:2      | Noticed Natasha
  1876 | D:2      | Killed Natasha
  1877 | D:2      | Reached skill level 4 in Long Blades
  2351 | D:3      | Noticed an ogre
  2621 | D:3      | Found Jeapsev's Antique Weapon Shop.
  2852 | D:3      | Found a sparkling altar of Nemelex Xobeh.
  2932 | D:3      | Noticed Grinder
  2951 | D:3      | Killed Grinder
  2952 | D:3      | Gained mutation: You have a pair of horns on your head.
                  | [demonic ancestry]
  2952 | D:3      | Reached XP level 6. HP: 47/47 MP: 6/6
  3437 | D:3      | Reached XP level 7. HP: 23/52 MP: 7/7
  4122 | D:4      | Reached skill level 5 in Long Blades
  4184 | D:4      | Found a staircase to the Ecumenical Temple.
  4193 | Temple   | Entered the Ecumenical Temple
  4202 | Temple   | Became a worshipper of Warmaster Okawaru
  4424 | D:4      | Found Defiraqi's Weapon Shop.
  4441 | D:4      | Reached skill level 1 in Stealth
  4648 | D:5      | Entered Level 5 of the Dungeon
  4689 | D:5      | Noticed Sigmund
  4707 | D:5      | Killed Sigmund
  4787 | D:5      | Noticed Pikel
  4793 | D:5      | Paralysed by Pikel for 4 turns
  4804 | D:5      | Paralysed by Pikel for 5 turns
  4804 | D:5      | HP: 2/53 [Pikel/+1 whip of electrocution (19)]
  4806 | D:5      | Slain by Pikel

Illustrated notes

Levels and vault maps discovered:
D:1:      minmay_arrival_stone_box, layout_rooms, minmay_statues_item,
          serial_bayou_ford_a, minmay_misc_feat_encased
D:2:      layout_loops_ring, shapermc_ecumenical_altar_flowoftime, basic_altar,
          minmay_pentomino_pile, uniq_natasha
D:3:      layout_basic, nemelex_dance_club_becter, serial_shops, shop,
          uniq_grinder
D:4:      layout_rooms, lemuel_temple_firewalk_a, serial_shops,
          kennysheep_little_box
D:5:      layout_basic, sword_in_stone, uniq_eustachio, uniq_sigmund, uniq_pikel
Temple:   nicolae_temple_no_exploring_needed

Skill      XL: |  1  2  3  4  5  6  7 |
---------------+----------------------+-----
Long Blades    | 3 4 5 |  5.3
Dodging        | 3 |  3.3
Armour         | 1 3 4 |  4.9
Fighting       | 3 |  3.9
Stealth        | 1 |  1.2
Throwing       | |  1.8

Action                   |  1- 3 |  4- 6 |  7- 9 || total
-------------------------+-------+-------+-------++-------
Melee: Long sword        |   106 |   160 |    59 ||   325
       Headbutt          |    14 |    38 |    12 ||    64
       Unarmed           |       |     1 |       ||     1
 Stab: Sleeping          |       |     1 |       ||     1
Armor: Leather armour    |    28 |    24 |       ||    52
       Ring mail         |       |    39 |    14 ||    53
Dodge: Dodged            |    83 |   104 |    44 ||   231
       Rpst.: Long sword |    20 |    23 |    15 ||    58

Table legend: (Time is in decaauts)
 A = Elapsed time spent in this place.
 B = Non-inter-level travel time spent in this place.
 C = Inter-level travel time spent in this place.
 D = Time resting spent in this place.
 E = Time spent auto-exploring this place.
 F = Levels seen in this place.
 G = Mean time per level.
                   A        B        C        D        E       F      G
               +--------+--------+--------+--------+--------+-----+--------+
         Total |   4870 |   4657 |    213 |    739 |   2897 |   6 |  811.7 |
       Dungeon |   4852 |   4646 |    206 |    739 |   2897 |   5 |  970.4 |
        Temple |     17 |     10 |      7 |      0 |      0 |   1 |   17.0 |
               +--------+--------+--------+--------+--------+-----+--------+

Top non-repeatable levels by time:
     D:3: 1705 daAuts
     D:2: 1309 daAuts
     D:1: 1121 daAuts
     D:4: 555 daAuts
     D:5: 160 daAuts
  Temple: 17 daAuts
